← All builds
Suicide front / Armada / Factory first / OBSERVED BUILD

Standard suicide front

Armada Suicide front build order · Supreme Isthmus

The role's baseline: Bot Lab at 0:21 then straight into reclaim-fed T1 bot production to contest the middle and hold until T2 arrives, with an Advanced Metal Extractor around 9:45.

#rush · 2028 distinct matches · 233 players · 72% of Armada Suicide front games · team won 59% of 2406 · Recently observed

HOW TO PLAY IT

Key timing: Bot Lab by 0:20

  1. Open with mex and lab-first to get Bot Lab up by 0:20.
  2. Expand mex and wind while lab pumps units toward middle.
  3. Push Sentry and early Rocketeer, Centurion to contest middle.
  4. Get T2 constructor out once Pond's boost lets you spare metal.
  5. Upgrade mex to Advanced Metal Extractor as you transition off T1 spam.

Phase by phase

TYPICAL OF ITS 2028 GAMES
  1. 1
  2. 2
  3. 3
PLAY THE OPENING

Follow the example game's first 6:00 step by step: what to build now, what comes next, and where it goes. At 1× it keeps pace with your own game.

  1. 1

    Bot Lab first

    Order
    1. Bot LabBot Lab done ~0:24, middle half 0:20–0:33

    Some games also: mex (44%)

  2. 2

    Bot Lab to 5:00

    Economy
    • Metal Extractor5Mex
    • Wind Turbine4Wind
    Builders
    • Construction Bot3 Con bot
    • Lazarus2 Lazarus
    Army
    • Sentry4 Sentry
    • Rocketeer16 Rocketeer
    • Tick2 Tick
    • Centurion1 Centurion
    Other
    • Radar Tower1 Radar Tower

    Some games also: pawn (38%) · con turret (34%)

    By 5:00 in all: 5 mex · 4 wind

    The example game in this phase · 28 steps
    1. TickTick ×2
    2. PawnPawn
    3. LazarusLazarus
    4. Construction BotCon bot
    5. PawnPawn ×2
    6. Mex
    7. Construction BotCon bot
    8. SentrySentry
    9. LazarusLazarus
    10. SentrySentry
    11. RocketeerRocketeer ×2
    12. Mex
    13. RocketeerRocketeer
    14. SentrySentry ×2
    15. RocketeerRocketeer
    16. SentrySentry
    17. RocketeerRocketeer
    18. Construction BotCon bot
    19. SentrySentry
    20. Construction BotCon bot
    21. SentrySentry
    22. RocketeerRocketeer ×4
    23. SentrySentry
    24. RocketeerRocketeer ×2
    25. Radar TowerRadar Tower
    26. RocketeerRocketeer ×5
    27. Radar TowerRadar Tower
    28. RocketeerRocketeer
  3. 3

    5:00 to 10:00

    Economy
    • Metal Extractor1Mex
    • Wind Turbine15Wind
    Builders
    • Construction Turret2 Con turret
    • Lazarus2 Lazarus
    • Construction Bot1 Con bot
    Army
    • Sentry1 Sentry
    • Rocketeer8 Rocketeer

    Some games also: pawn (49%) · Radar Tower (46%) · tick (45%) · centurion (44%) · energy storage (42%) · eat Bot Lab (31%)

    By 10:00 in all: 6 mex · 21 wind · 1 energy storage · 2 con turret

    The example game in this phase · 57 steps
    1. RocketeerRocketeer
    2. Wind
    3. RocketeerRocketeer
    4. Wind
    5. RocketeerRocketeer
    6. Wind
    7. RocketeerRocketeer
    8. Wind
    9. RocketeerRocketeer
    10. Wind
    11. RocketeerRocketeer ×2
    12. Wind
    13. SentrySentry
    14. Wind
    15. RocketeerRocketeer
    16. Wind
    17. RocketeerRocketeer
    18. SentrySentry
    19. Wind
    20. RocketeerRocketeer
    21. Wind ×2
    22. RocketeerRocketeer
    23. Wind
    24. RocketeerRocketeer
    25. Wind
    26. RocketeerRocketeer
    27. SentrySentry
    28. Wind
    29. RocketeerRocketeer
    30. Wind
    31. RocketeerRocketeer
    32. Wind
    33. RocketeerRocketeer
    34. Wind
    35. RocketeerRocketeer
    36. Wind
    37. RocketeerRocketeer
    38. Con turret
    39. Wind
    40. RocketeerRocketeer
    41. Wind
    42. RocketeerRocketeer
    43. Wind
    44. RocketeerRocketeer
    45. Wind
    46. RocketeerRocketeer
    47. Wind
    48. RocketeerRocketeer
    49. Advanced Metal ExtractorT2 mexnot finished by 15:00 · typical 9:46
    50. Wind ×2
    51. RocketeerRocketeer
    52. Con turret
    53. Wind
    54. MaceMace
    55. Wind ×2
    56. MaceMace
    57. Wind

Counts are medians over the build's games: half of them build more, half fewer. The example game is Stefan1156's (35 OS, 12/10/2026); pick another.

Team trades

IN AT LEAST 30% OF ITS GAMES

You hand over

Nothing regular.

You get

  • Tidal Generator4 Tidal from Pondfirst at 0:10 · in 68% of games
  • Advanced Construction Bot1 T2 con bot from Geo or Techfirst at 7:41 · in 57% of games

How it plays out

Typical game of this build, running totals by minute

Metal produced

010k20k
0:005:0010:0015:00

metal

Enemy metal destroyed

05k10k
0:005:0010:0015:00

metal

Own metal lost

05k10k
0:005:0010:0015:00

metal

2406 games.

Show as table
ByMetal produced: This buildEnemy metal destroyed: This buildOwn metal lost: This build
1:0023000
2:0088700
3:002008184130
4:003109645501
5:00418413531000
6:00534721831707
7:00654330512589
8:00776039363499
9:00904646894375
10:001041253125161
11:001188958585966
12:001357864076686
13:001539668767455
14:001729675048213
15:001925281069007
WHAT THE NUMBERS SAY

Standard Suicide front play wins a bit over half its games while taking the heaviest own losses of any role by 15:00.

  • + Produces 20142 metal by 15:00, highest of the front roles.
  • + First kill by 2:01 in all games, fastest contest of middle.
  • − Own metal lost hits 9178 by 15:00, more than enemy metal destroyed.
  • − Only 34% Rocketeer share shows army spread thin across many bot types.
THE EXAMPLE YOU ARE READING

Stefan1156

34.6 OS · 12/10/2026

Open source match ↗

6 received units · includes a constructor
25 metal received · 1370 energy received

Allied construction assistance is unknown. Timings are observations, not a promise of solo reproducibility.

Typical milestones

Bot Lab0:24Middle 50%: 0:20–0:33 · n=2398
Advanced Metal Extractor9:46Middle 50%: 8:50–10:58 · n=1738

Played most by

_X_262games of this buildPlatinumBlonde188games of this buildXad166games of this buildTrapCaT109games of this buildSoliloqueur81games of this build